 Dungeon Crawl Stone Soup version 0.32-a0-799-g95e1662365 (webtiles) character file.

Game seed: 14070625236187832470

137 backslashecho the Insei (level 4, -4/36 HPs)
             Began as a Demigod Shapeshifter on Mar 22, 2024.
             Slain by an orc
             ... wielding a +0 whip of electrocution
              (13 damage)
             ... on level 2 of the Dungeon.
             The game lasted 00:04:28 (1824 turns).

backslashecho the Insei (Demigod Shapeshifter)      Turns: 1824, Time: 00:04:28

Health: -4/36      AC:  2    Str: 15    XL:     4   Next: 69%
Magic:  6/6        EV: 12    Int: 12    God:
Gold:   107        SH:  5    Dex: 17    Spells: 3/3 levels left

rFire   . .          .
                       - Unarmed
rCold   . . .        (no shield)
rNeg    . . .        a - +0 animal skin
rPois   .            (helmet currently unavailable)
rElec   .            (cloak currently unavailable)
rCorr   .            (gloves currently unavailable)
SInv    .            (boots currently unavailable)
Will    .....        e - amulet of reflection
Stlth   ++           (no ring)
HPRegen 0.26/turn    (no ring)
MPRegen 0.10/turn

%: reflection
@: beast-form
A: beast (slay +1), high MP 1, forlorn, divine attributes
a: Begin Untransformation


You were on level 2 of the Dungeon.
You were a hulking beast.
You visited 1 branch of the dungeon, and saw 3 of its levels.

You collected 107 gold pieces.

Inventory:

Armour
 a - a +0 animal skin (worn)
Jewellery
 e - an amulet of reflection (around neck)
Talismans
 c - a beast talisman (active)
 d - a flux talisman
Scrolls
 f - a scroll of vulnerability {unknown}
 g - 4 scrolls of identify {unknown}
 i - a scroll of immolation {unknown}
 j - 2 scrolls of enchant weapon {unknown}
 k - a scroll of teleportation {unknown}
Potions
 b - a potion of lignification
 h - 3 potions of attraction {unknown}
 l - a potion of might {unknown}


   Skills:
 + Level 2.0 Fighting
 + Level 2.5 Dodging
 * Level 3.9 Unarmed Combat
 + Level 3.2 Shapeshifting


You had 3 spell levels left.
You didn't know any spells.
Your spell library contained the following spells:

 Spells                   Type           Power      Damage    Failure   Level
 Shock                    Conj/Air       0%         1d3       32%         1
 Swiftness                Air            0%         N/A       69%         3
 Airstrike                Air            0%         2d(0-16)  97%         4


Dungeon Overview and Level Annotations

Branches:
Dungeon (3/15)


Innate Abilities, Weirdness & Mutations

You are a hulking beast.
Your limbs bulge with bestial killing power. (Slay +1)
You have an increased reservoir of magic. (+10% MP)
You shall have no god before yourself.
Your divine heritage dramatically boosts your attributes as you level up.


Message History

You kill the orc wizard!
The orc closely misses you.
Your Fighting skill increases to level 2!
You closely miss the orc. The orc hits you with a +0 club.
You take 2 damage, and have 23/36 hp.
You hit the orc.
The orc is heavily wounded.
The orc misses you.
You barely miss the orc.
The orc is heavily wounded.
The orc barely misses you.
You hit the orc.
You kill the orc!
Things that are here:
a +0 club; a +0 leather armour
Things that are here:
a +0 club; a +0 leather armour
There is a stone staircase leading down here.
HP restored.
Done exploring.
Health restored: 36 You climb downwards.
The orc misses you.
There is a stone staircase leading up here.
You hit the orc.
The orc is heavily wounded.
The orc hits you with a +0 flail!
You take 7 damage, and have 29/36 hp.
You hit the orc.
You kill the orc!
Things that are here:
a +0 flail; a +0 ring mail; an orc corpse No target in view!
A ribbon worm comes into view.
You regained 3 hp, and now have 32/36 hp.
A ribbon worm is nearby!
Found a leather armour.
An orc comes into view. It is wielding a +0 club.
The ribbon worm misses you.
The orc shouts!
You hit the ribbon worm.
The ribbon worm is moderately wounded.
You hear a shout! x2
The ribbon worm expels a string of sticky webbing.
The stream of webbing hits you but does no damage.
You are caught in a web!
You are caught in a web!
The web tears apart.
The ribbon worm bites you.
You take 5 damage, and have 28/36 hp.
No target in view!
No target in view!
There is a stone staircase leading up, spattered with blood here.
You climb upwards.
There is a stone staircase leading down here.
You start resting.
HP restored.
Health restored: 36 You climb downwards.
There is a stone staircase leading up, spattered with blood here.
The ribbon worm expels a string of sticky webbing.
The stream of webbing hits you but does no damage.
You are caught in a web!
There is a web here.
You are caught in a web!
You are caught in a web!
The web tears apart.
The ribbon worm bites you but does no damage.
The orc closely misses you.
There is a stone staircase leading up, spattered with blood here.
The orc hits you with a +0 whip of electrocution.
You are electrocuted!
You climb upwards.
There is a stone staircase leading down here.
You take 10 damage, and have 26/36 hp.
MASSIVE DAMAGE!!
You hit the ribbon worm.
The ribbon worm is moderately wounded.
The ribbon worm bites you.
You take 3 damage, and have 23/36 hp.
You hit the ribbon worm.
The ribbon worm is heavily wounded.
The orc hits you with a +0 whip of electrocution.
The ribbon worm barely misses you.
You take 4 damage, and have 19/36 hp.
You hit the ribbon worm.
The ribbon worm is heavily wounded.
The orc barely misses you.
The ribbon worm expels a string of sticky webbing.
The stream of webbing hits you but does no damage.
You are caught in a web!
You are caught in a web!
The orc completely misses you.
You hit the ribbon worm.
The ribbon worm is heavily wounded.
The orc barely misses you. The ribbon worm bites you!
You take 8 damage, and have 12/36 hp.
MASSIVE DAMAGE!!
You barely miss the ribbon worm.
The ribbon worm is heavily wounded.
The orc hits you with a +0 whip of electrocution.
* * * LOW HITPOINT WARNING * * *
You are electrocuted!
You die...

##.#############.#.#..
#.# #.....#.#.#
#.#########.#####.#g#
#.##.........# #.#.#
#.##.######..####.#.#
#.##.# #.....÷.....
#.##.#####...########
#.##w##.........#####
#.##h##.##...##......
#.##o##.##...########
#.##.##.##...#
#.##.##.##...#
#.##.##.##>..#
#...[....÷...#
#######....###
#########..#######
#)......)........#


You could see a ribbon worm (catching breath) and an orc.

Vanquished Creatures
  An orc wizard (D:2)
  3 gnolls
  3 adders (D:2)
  A ribbon worm (D:2)
  2 orcs
  4 endoplasms
  A giant cockroach (D:2)
  4 goblins
  3 hobgoblins
  3 jackals (D:2)
  A quokka (D:1)
  8 ball pythons
  7 bats
  4 frilled lizards
  7 kobolds
  3 rats
55 creatures vanquished.

Notes
Turn   | Place    | Note
-------+----------+-------------------------------------------
     0 | D:1      | backslashecho the Demigod Shapeshifter began the quest for
                  | the Orb.
     0 | D:1      | Reached XP level 1. HP: 15/15 MP: 3/3
    23 | D:1      | Reached skill level 1 in Fighting
   157 | D:1      | Reached XP level 2. HP: 20/23 MP: 4/4
   741 | D:2      | Reached XP level 3. HP: 19/28 MP: 5/5
  1121 | D:2      | HP: 1/29 [gnoll/+0 spear (3)]
  1262 | D:2      | Reached XP level 4. HP: 35/36 MP: 6/6
  1824 | D:2      | Slain by an orc

Illustrated notes

Levels and vault maps discovered:
D:1:      minmay_arrival_glassed_features, layout_rooms,
          nicolae_kite_square_tiling_tiny, minmay_domino_2
D:2:      layout_loops_ring
D:3:      layout_rooms, gammafunk_ghost_smash, minmay_hedge_maze, uniq_terence

Skill      XL: |  1  2  3  4 |
---------------+-------------+-----
Fighting       | 1 2 |  2.0
Dodging        | 2 |  2.5
Unarmed Combat | 3 |  3.9
Shapeshifting  | 3 |  3.2

Action                     |  1- 3 |  4- 6 || total
---------------------------+-------+-------++-------
  Melee: Unarmed           |   134 |    52 ||   186
         Punch             |     1 |     2 ||     3
   Stab: Sleeping          |       |     2 ||     2
 Armour: Animal skin       |    75 |    23 ||    98
  Dodge: Dodged            |    83 |    27 ||   110
  Block: Other             |    29 |     7 ||    36
         Reflection        |     1 |     1 ||     2

Table legend: (Time is in decaauts)
 A = Elapsed time spent in this place.
 B = Non-inter-level travel time spent in this place.
 C = Inter-level travel time spent in this place.
 D = Time resting spent in this place.
 E = Time spent auto-exploring this place.
 F = Levels seen in this place.
 G = Mean time per level.
                   A        B        C        D        E       F      G
               +--------+--------+--------+--------+--------+-----+--------+
         Total |   1818 |   1744 |     74 |     74 |   1066 |   3 |  606.0 |
       Dungeon |   1818 |   1744 |     74 |     74 |   1066 |   3 |  606.0 |
               +--------+--------+--------+--------+--------+-----+--------+

Top non-repeatable levels by time:
     D:2: 923 daAuts
     D:1: 853 daAuts
     D:3: 41 daAuts
